 Dungeon Sprint DCSS version 0.30-a0-953-g5f1da4a474 (webtiles) character file.

Game seed: 1671895592096790107

64200 fozzywoppz the End of an Era (level 14, -71/136 (138) HPs)
             Began as a Demonspawn Monk on Mar 29, 2023.
             Was the Champion of Qazlal.
             Killed from afar by an ancient lich (125 damage)
             ... with a crystal spear
             ... in the Dungeon (Sprint VII: "The Pits").
             The game lasted 00:26:58 (3206 turns).

fozzywoppz the End of an Era (Demonspawn Monk)      Turns: 3206, Time: 00:27:02

HP:   -71/136 (138) AC: 24    Str: 13    XL:     14   Next: 70%
MP:   19/31         EV: 12    Int:  6    God:    Qazlal [******]
Gold: 24            SH: 29    Dex: 26    Spells: 13/13 levels left

rFire   + . .      SeeInvis .      - Unarmed
rCold   + . .      Faith    .    I - +1 tower shield
rNeg    . . .      Spirit   .    m - +3 chain mail {rF+}
rPois   .          Reflect  .    s - +0 helmet
rElec   .          Rampage  .    (cloak unavailable)
rCorr   .          NoTele   +    H - +1 pair of gloves of Tosidi {rC+ Regen+ Int-5}
Will    +....                    q - +0 pair of boots Stlth
                                 (no amulet)
HPRegen 1.22/turn                a - +3 ring of protection
MPRegen 0.22/turn                C - +6 ring of dexterity

@: lightly drained, repel missiles
A: thin metallic scales 1, ignite blood 2, demonic magic 3, weakness stinger 3
a: Renounce Religion, Upheaval, Elemental Force, Disaster Area


You were in the Dungeon.
You worshipped Qazlal.
Qazlal was exalted by your worship.
You visited 1 branch You collected 24 gold pieces.

Inventory:

Missiles
 u - 4 javelins (quivered)
Armour
 m - a +3 chain mail of fire resistance (worn)
 q - a +0 pair of boots (worn)
 s - a +0 helmet (worn)
 E - +2 swamp dragon scales
 F - a +4 chain mail of cold resistance
 G - +2 gold dragon scales
 H - the +1 pair of gloves of Tosidi (worn) {rC+ Regen+ Int-5}
   (You found it in the Dungeon)

   Int:       It affects your intelligence (-5).
   rC:        It protects you from cold.
   Regen:     It increases your rate of health regeneration.
 I - a +1 tower shield (worn)
Jewellery
 a - a +3 ring of protection (left hand)
 v - a ring of positive energy
 x - a +5 ring of evasion
 C - a +6 ring of dexterity (right hand)
Wands
 w - a wand of digging (3)
 B - a wand of roots (4)
Scrolls
 j - 5 scrolls of amnesia
 k - a scroll of butterflies
 l - 2 scrolls of vulnerability
 t - a scroll of fog
 y - 3 scrolls of identify
 A - a scroll of poison
Potions
 c - 12 potions of curing
 d - 4 potions of heal wounds
 f - 2 potions of magic
 g - 5 potions of berserk rage
 i - a potion of invisibility
 n - 3 potions of brilliance
 o - 2 potions of might
 p - 3 potions of mutation
 r - a potion of haste
 z - a potion of cancellation
Miscellaneous
 e - a tin of tremorstones (2/2)
 D - a lightning rod (4/4)


   Skills:
 + Level 21.2 Fighting
 - Level 10.0 Armour
 - Level 15.0 Dodging
 - Level 3.2 Stealth
 + Level 10.7 Shields
 + Level 19.9 Unarmed Combat
 + Level 26.6 Invocations


You had 13 spell levels left.
You didn't know any spells.
Your spell library contained the following spells:

 Spells                   Type           Power      Damage    Failure   Level
 Momentum Strike          Conj/Tloc      0%         3d8       100%        2
 Searing Ray              Conj           0%         2d4       100%        2
 Sublimation of Blood     Necr           0%         N/A       100%        2
 Conjure Ball Lightning   Conj/Air       0%         3x3d6     100%        6
 Discord                  Hex            0%         N/A       100%        8
 Disjunction              Tloc           0%         N/A       100%        8


Dungeon Overview and Level Annotations

Branches:
Dungeon (1/1)

Altars:
Ashenzari
Cheibriados
Dithmenos
Fedhas
Gozag
Hepliaklqana
Kikubaaqudgha
Makhleb
Nemelex Xobeh
Okawaru
Qazlal
Ru
Sif Muna
Trog
Uskayaw
Vehumet
Wu Jian
Xom
Yredelemnul
Jiyva
Lugonu


Innate Abilities, Weirdness & Mutations

You are partially covered in thin metallic scales. (AC +2)
Your demonic aura often causes spilled blood to erupt in flames.
Spells you cast and wands you use may paralyse nearby enemies.
You have a sharp stinger which inflicts weakening toxins.


Message History

You start resting.
You hear some strange, mumbled words.
A bolt of acid appears from out of thin air!
The bolt of acid is repelled.
You hit something but do no damage. You tail-slap something.
Something touches you but does no damage.
You closely miss something.
You hear some strange, mumbled words.
A crystal spear appears from out of thin air!
You block the crystal spear.
You closely miss something. You tail-slap something.
Something touches you but does no damage.
You pummel something!!
You are no longer corroded.
You block something's attack.
You barely miss something. You hit something but do no damage.
Something touches you but does no damage.
You closely miss something. You tail-slap something.
You hear some strange, mumbled words.
A crystal spear appears from out of thin air!
The crystal spear misses you.
You barely miss something. Something completely misses you.
You barely miss something.
You hear some strange, mumbled words.
You barely miss something. You tail-slap something.
Something touches you but does no damage.
You pummel something!! Something touches you.
Something touches you but does no damage.
You hit something but do no damage. You tail-slap something.
Something touches you but does no damage.
You hit something but do no damage.
Something touches you but does no damage.
You hit something.
Your tail-slap misses something.
Something touches you.
You feel drained.
You hear some strange, mumbled words.
A crystal spear appears from out of thin air!
The crystal spear hits you!!!!
Ouch! That really hurt!
You die...

..#....#..#..#[[#[[#..#
..##..##..'..#.[#[[#..#
####################''#
##)'# .# ##...# ..##
##.[)## #
#..###++###○..## #
≈≈..†...{☼☼)## ##
##≈≈≈....#@.§# .#
#..)#..≈###§§+ .#
##≈###.≈≈#)§.# .#
#..≈#≈≈≈.†).[# ##
##.≈≈≈.≈.≈..).# #
#)≈##++##...#..# ##
#§## ##.###..#
.##≈:{.)# #..# ..#
.###≈..## ##....##


There were no monsters in sight!

Vanquished Creatures
  2 ancient liches (D)
  A titan (D)
  Gastronok (D)
  Frances (D)
  A storm dragon (D)
  2 nagarajas (D)
  A ghost moth (D)
  2 orc warlords (D)
  A draconian scorcher (D)
  A draconian stormcaller (D)
  A war gargoyle (D)
  An apis (D)
  Nessos (D)
  2 deep elf demonologists (D)
  2 green draconians (D)
  A minotaur (D)
  A blizzard demon (D)
  3 red draconians (D)
  An eidolon (D)
  A deep elf death mage (D)
  A mummy priest (D)
  A yaktaur captain (D)
  A rakshasa (D)
  5 vault guards (D)
  A hydra (D)
  A catoblepas (D)
  A death yak (D)
  A centaur warrior (D)
  2 boulder beetles (D)
  2 merfolk avatars (D)
  2 naga warriors (D)
  A vampire mage (D)
  A deep elf knight (D)
  2 orc high priests (D)
  4 flayed ghosts (D)
  A deep troll (D)
  A swamp dragon (D)
  A wizard (D)
  A deep elf zephyrmancer (D)
  10 orc knights (D)
  An orc sorcerer (D)
  2 wolf spiders (D)
  2 naga magi (D)
  A guardian serpent (D)
  2 cane toads (D)
  A molten gargoyle (D)
  An orange demon (D)
  A smoke demon (D)
  A komodo dragon (D)
  An efreet (D)
  2 red devils (D)
  4 yaktaurs (D)
  A troll (D)
  A polar bear (D)
  A polar bear (shapeshifter) (D)
  A tyrant leech (D)
  A hornet (D)
  2 tarantellas (D)
  A snapping turtle (D)
  A water elemental (D)
  A flying skull (D)
  A spriggan (D)
  A basilisk (D)
  A fire bat (D)
  3 yaks (D)
  2 redbacks (D)
  2 vampire mosquitoes (D)
  A chaos spawn (D)
  2 wargs (D)
  Menkaure (D)
  An acid dragon (D)
  5 hell hounds (D)
  A floating eye (D)
  3 orc warriors (D)
  An ice beast (D)
  12 wolves (D)
  A centaur (D)
  2 ogres (D)
  A scorpion (D)
  11 killer bees (D)
  A quasit (D)
  An iron imp (D)
  2 orc priests (D)
  A jelly (D)
  6 orc wizards (D)
  A mummy (D)
  2 gnolls (D)
  A white imp (D)
  An ufetubus (D)
  A worm (D)
  17 orcs (D)
  A bat (D)
  A giant cockroach (D)
  A goblin (D)
  4 jackals (D)
  A kobold (D)
  3 quokkas (D)
  A frilled lizard (D)
  A quokka simulacrum (D)
  A quokka skeleton (D)
  A rat (D)
197 creatures vanquished.

Vanquished Creatures (collateral kills)
  2 sphinxes (D)
  A swamp dragon (D)
  An orc knight (D)
  An orc warrior (D)
  A bullfrog (D)
6 creatures vanquished.

Vanquished Creatures (others)
  A frost giant (D)
  A draconian stormcaller (D)
2 creatures vanquished.

Grand Total: 205 creatures vanquished

Notes
Turn   | Place    | Note
-------+----------+-------------------------------------------
     0 | D        | fozzywoppz the Demonspawn Monk began the quest for the Orb.
     0 | D        | Reached XP level 1. HP: 18/18 MP: 1/1
    34 | D        | Found a bloodstained altar of Trog.
    34 | D        | Found a shimmering blue altar of Sif Muna.
    34 | D        | Found a viscous altar of Jiyva.
    34 | D        | Found a hazy altar of Hepliaklqana.
    34 | D        | Found an opulent altar of Gozag.
    55 | D        | Found a basalt altar of Yredelemnul.
    55 | D        | Found a shimmering altar of Xom.
    55 | D        | Found an ornate altar of the Wu Jian Council.
    55 | D        | Found a sacrificial altar of Ru.
    55 | D        | Found a stormy altar of Qazlal.
    55 | D        | Found an iron altar of Okawaru.
    55 | D        | Found a sparkling altar of Nemelex Xobeh.
    55 | D        | Found a burning altar of Makhleb.
    55 | D        | Found a blossoming altar of Fedhas.
    55 | D        | Found a shadowy altar of Dithmenos.
    55 | D        | Found a snail-covered altar of Cheibriados.
    56 | D        | Found a radiant altar of Vehumet.
    56 | D        | Found a corrupted altar of Lugonu.
    57 | D        | Found a hide-covered altar of Uskayaw.
    57 | D        | Found an ancient bone altar of Kikubaaqudgha.
    57 | D        | Found a broken altar of Ashenzari.
    60 | D        | Became a worshipper of Qazlal Stormbringer
    60 | D        | Reached * piety under Qazlal
    60 | D        | Reached ** piety under Qazlal
    88 | D        | Reached skill level 1 in Invocations
    93 | D        | Reached *** piety under Qazlal
   103 | D        | Gained mutation: You have a small tail. [demonic ancestry]
   103 | D        | Reached XP level 2. HP: 21/24 MP: 1/3
   124 | D        | Reached **** piety under Qazlal
   125 | D        | Reached skill level 2 in Invocations
   149 | D        | Reached XP level 3. HP: 10/30 MP: 3/5
   289 | D        | Noticed a wolf
   290 | D        | Noticed a floating eye
   292 | D        | Noticed an ogre
   307 | D        | Paralysed by a floating eye for 2 turns
   309 | D        | Reached skill level 1 in Armour
   309 | D        | Reached skill level 3 in Invocations
   314 | D        | Killed a wolf
   315 | D        | Reached skill level 5 in Fighting
   315 | D        | Reached skill level 5 in Invocations
   315 | D        | Gained mutation: You have a tail ending in a sharp stinger.
                  | [demonic ancestry]
   315 | D        | Reached XP level 4. HP: 12/39 MP: 3/8
   315 | D        | Gained mutation: Your demonic aura sometimes causes spilled
                  | blood to erupt in flames. [demonic ancestry]
   315 | D        | Reached XP level 5. HP: 14/44 MP: 3/9
   316 | D        | Killed a floating eye
   316 | D        | Reached ***** piety under Qazlal
   317 | D        | Reached skill level 5 in Dodging
   317 | D        | Reached skill level 5 in Unarmed Combat
   317 | D        | Reached skill level 6 in Invocations
   326 | D        | Gained mutation: Spells you cast may paralyse adjacent
                  | enemies. [demonic ancestry]
   326 | D        | Reached XP level 6. HP: 43/53 MP: 1/11
   334 | D        | Reached skill level 7 in Invocations
   365 | D        | Reached skill level 5 in Armour
   365 | D        | Reached skill level 8 in Invocations
   482 | D        | Noticed a flayed ghost
   492 | D        | Killed a flayed ghost
   493 | D        | Reached skill level 9 in Invocations
   493 | D        | Gained mutation: You have a sharp stinger which inflicts
                  | weakening toxins. [demonic ancestry]
   493 | D        | Reached XP level 7. HP: 63/63 MP: 12/14
   496 | D        | Noticed a fire bat
   500 | D        | Reached skill level 10 in Invocations
   500 | D        | Reached XP level 8. HP: 69/69 MP: 12/15
   538 | D        | Noticed a troll
   538 | D        | Noticed a flayed ghost
   550 | D        | Reached ****** piety under Qazlal
   552 | D        | Killed a troll
   552 | D        | Killed a flayed ghost
   553 | D        | Reached skill level 11 in Invocations
   553 | D        | Reached XP level 9. HP: 73/78 MP: 9/17
   558 | D        | Noticed an orc high priest
   559 | D        | Killed an orc high priest
   560 | D        | Reached skill level 10 in Fighting
   560 | D        | Reached skill level 12 in Invocations
   688 | D        | Noticed a smoke demon
   690 | D        | Killed a smoke demon
   691 | D        | Reached skill level 13 in Invocations
   728 | D        | Noticed an efreet
   729 | D        | Killed an efreet
   730 | D        | Reached skill level 10 in Dodging
   730 | D        | Reached skill level 10 in Unarmed Combat
   733 | D        | Noticed a flayed ghost
   739 | D        | Killed a flayed ghost
   744 | D        | Gained mutation: Spells you cast may paralyse nearby
                  | enemies. [demonic ancestry]
   744 | D        | Reached XP level 10. HP: 80/86 MP: 14/20
   761 | D        | Noticed a flayed ghost
   767 | D        | Killed a flayed ghost
   768 | D        | Reached skill level 10 in Armour
   768 | D        | Reached skill level 14 in Invocations
   890 | D        | Reached skill level 15 in Invocations
   895 | D        | Noticed an orc sorcerer
   896 | D        | Noticed an orc knight
   896 | D        | Noticed a minotaur
   896 | D        | Noticed a cane toad
   897 | D        | Killed an orc sorcerer
   897 | D        | Killed an orc knight
   898 | D        | Reached skill level 16 in Invocations
   898 | D        | Killed a cane toad
   898 | D        | Killed a minotaur
   899 | D        | Gained mutation: Your demonic aura often causes spilled
                  | blood to erupt in flames. [demonic ancestry]
   899 | D        | Reached XP level 11. HP: 98/98 MP: 6/23
   916 | D        | Noticed a five-headed hydra
   919 | D        | Killed a five-headed hydra
   919 | D        | Noticed a catoblepas
   920 | D        | Reached skill level 17 in Invocations
  1048 | D        | Noticed a deep elf zephyrmancer
  1048 | D        | Noticed a boulder beetle
  1052 | D        | Killed a deep elf zephyrmancer
  1075 | D        | Killed a boulder beetle
  1247 | D        | Killed a catoblepas
  1284 | D        | Noticed Gastronok
  1284 | D        | Noticed Menkaure
  1285 | D        | Killed Menkaure
  1286 | D        | Killed Gastronok
  1287 | D        | Reached skill level 18 in Invocations
  1549 | D        | Noticed a deep troll
  1553 | D        | Killed a deep troll
  1564 | D        | Reached skill level 19 in Invocations
  1581 | D        | Noticed a boulder beetle
  1586 | D        | Reached skill level 15 in Fighting
  1597 | D        | Killed a boulder beetle
  1598 | D        | Gained mutation: You are partially covered in thin metallic
                  | scales. (AC +2) [demonic ancestry]
  1598 | D        | Reached XP level 12. HP: 67/110 MP: 17/25
  1624 | D        | Noticed a vampire mage
  1626 | D        | Noticed a death yak
  1632 | D        | Killed a death yak
  1636 | D        | Killed a vampire mage
  1902 | D        | Noticed an eidolon
  1903 | D        | Noticed a centaur warrior
  1903 | D        | Noticed Nessos
  1903 | D        | Killed Nessos
  1903 | D        | Killed a centaur warrior
  1903 | D        | Noticed an apis
  1904 | D        | Reached skill level 20 in Invocations
  1904 | D        | Killed an eidolon
  1904 | D        | Noticed a storm dragon
  1905 | D        | Reached skill level 15 in Unarmed Combat
  1909 | D        | Killed a storm dragon
  1911 | D        | Killed an apis
  1918 | D        | Got Simple Wizardry
  2129 | D        | Noticed a vault guard
  2129 | D        | Noticed an orc high priest
  2129 | D        | Noticed a naga warrior
  2129 | D        | Noticed a war gargoyle
  2130 | D        | Killed a vault guard
  2130 | D        | Killed an orc high priest
  2130 | D        | Killed a war gargoyle
  2130 | D        | Killed a naga warrior
  2131 | D        | Reached skill level 21 in Invocations
  2131 | D        | Noticed a vault guard
  2135 | D        | Reached XP level 13. HP: 120/120 MP: 13/27
  2137 | D        | Noticed a frost giant
  2138 | D        | Reached skill level 22 in Invocations
  2142 | D        | Killed a frost giant
  2166 | D        | Noticed an orc warlord
  2178 | D        | Noticed an orc warlord
  2192 | D        | Killed an orc warlord
  2193 | D        | Reached skill level 15 in Dodging
  2204 | D        | Killed an orc warlord
  2209 | D        | Reached skill level 23 in Invocations
  2389 | D        | Got the +0 leather armour of Complete Protection {+Blink
                  | Str+6 Int+2}
  2501 | D        | Got the +1 pair of gloves of Tosidi {rC+ Regen+ Int-5}
  2776 | D        | Reached skill level 1 in Shields
  2777 | D        | Identified the +7 shortbow of Gyrchiqu {drain, rF+ rC++
                  | Will- Stlth+}
  2780 | D        | Killed a ghost moth
  2789 | D        | Noticed a titan
  2790 | D        | Noticed a mummy priest
  2792 | D        | Killed a titan
  2793 | D        | Reached skill level 24 in Invocations
  2793 | D        | Identified the +5 battleaxe of the Scavenger {freeze, Fly
                  | Dex+5}
  2793 | D        | Noticed a green draconian
  2807 | D        | Killed a mummy priest
  2808 | D        | Reached skill level 5 in Shields
  2891 | D        | Killed a green draconian
  3048 | D        | Noticed a deep elf demonologist
  3049 | D        | Noticed a white draconian stormcaller
  3049 | D        | Noticed an ancient lich
  3053 | D        | Killed a white draconian stormcaller
  3053 | D        | Killed an ancient lich
  3054 | D        | Gained mutation: Spells you cast and wands you use may
                  | paralyse nearby enemies. [demonic ancestry]
  3054 | D        | Reached XP level 14. HP: 134/134 MP: 21/30
  3058 | D        | Noticed a nagaraja
  3059 | D        | Noticed Frances
  3059 | D        | Noticed a nagaraja
  3062 | D        | Killed a nagaraja
  3063 | D        | Reached skill level 25 in Invocations
  3064 | D        | Killed a nagaraja
  3065 | D        | Killed Frances
  3069 | D        | Noticed a sphinx
  3074 | D        | Noticed a red draconian scorcher
  3079 | D        | Noticed a sphinx
  3080 | D        | Noticed a white draconian stormcaller
  3082 | D        | Paralysed by a sphinx for 2 turns
  3084 | D        | Killed a sphinx
  3085 | D        | Killed a sphinx
  3090 | D        | Killed a red draconian scorcher
  3093 | D        | Killed a white draconian stormcaller
  3105 | D        | Reached skill level 26 in Invocations
  3136 | D        | Reached skill level 10 in Shields
  3155 | D        | Noticed an ancient lich
  3165 | D        | Noticed an ancient lich
  3166 | D        | Killed an ancient lich
  3167 | D        | HP: 5/138 [something/bolt of acid (61)]
  3206 | D        | Killed from afar by an ancient lich

Illustrated notes

Levels and vault maps discovered:
D:        pitsprint [storerooms_1, entrance_room_1, metal_vault_7, armoury_1,
          mini_pit_1, grid_room_1, main_hall_1, silver_pit, the_coven_1,
          the_vestibule_1, steel_vault_3, golden_pit, hallway_of_sentries,
          crystal_vault_2, iron_vault_2, final_vault]

Skill      XL: |  1  2  3  4  5  6  7  8  9 10 11 12 13 14 |
---------------+-------------------------------------------+-----
Stealth        | 2 3 |  3.2
Dodging        | 3 4 5 7 9 10 12 14 15 | 15.0
Unarmed Combat | 3 4 5 7 9 10 12 14 16 18 19 | 19.9
Invocations    | 1 2 5 6 9 10 11 13 16 19 21 24 26 | 26.6
Fighting       | 4 5 6 8 9 10 13 15 17 19 21 | 21.2
Armour         | 3 4 6 8 9 10 | 10.0
Shields        | 6 10 | 10.7

Action                     |  1- 3 |  4- 6 |  7- 9 | 10-12 | 13-15 || total
---------------------------+-------+-------+-------+-------+-------++-------
  Melee: Unarmed           |    61 |    34 |    42 |   115 |   135 ||   387
         Tailslap          |     7 |     9 |     6 |    24 |    33 ||    79
         Punch             |       |       |     1 |     8 |     6 ||    15
  Throw: Javelin           |       |       |       |       |     5 ||     5
 Invoke: Upheaval          |     1 |     1 |     9 |    15 |    16 ||    42
         Disaster Area     |       |       |       |    11 |     7 ||    18
         Elemental Force   |       |       |       |     1 |     2 ||     3
    Use: Potion            |     1 |     2 |       |     2 |     8 ||    13
         Scroll            |       |       |       |       |     2 ||     2
   Stab: Sleeping          |     1 |       |       |       |       ||     1
         Invisible         |       |       |       |       |     8 ||     8
         Paralysed         |       |       |       |       |     1 ||     1
         Distracted        |       |       |       |       |     1 ||     1
 Armour: Robe              |     1 |       |       |       |       ||     1
         Chain mail        |     9 |     5 |    14 |    59 |    51 ||   138
  Dodge: Dodged            |    36 |     4 |     6 |    62 |    58 ||   166
         Repelled          |       |       |     2 |       |     4 ||     6
  Block: Other             |     8 |     4 |    10 |    38 |     6 ||    66
         Tower shield      |       |       |       |       |   127 ||   127

Table legend: (Time is in decaauts)
 A = Elapsed time spent in this place.
 B = Non-inter-level travel time spent in this place.
 C = Inter-level travel time spent in this place.
 D = Time resting spent in this place.
 E = Time spent auto-exploring this place.
 F = Levels seen in this place.
 G = Mean time per level.
                   A        B        C        D        E       F      G
               +--------+--------+--------+--------+--------+-----+--------+
         Total |   3136 |   3136 |      0 |   1028 |      0 |   1 | 3136.0 |
       Dungeon |   3136 |   3136 |      0 |   1028 |      0 |   1 | 3136.0 |
               +--------+--------+--------+--------+--------+-----+--------+

Top non-repeatable levels by time:
       D: 3136 daAuts
